 Dungeon Crawl Stone Soup version 0.29.1-15-g9cfb28693d (webtiles) character file.

Game seed: 17236530358757758305

34 Eitelfritz the Trooper (level 3, -1/33 HPs)
             Began as a Hill Orc Fighter on Apr 1, 2023.
             Slain by a gnoll
             ... wielding a +0 spear
              (7 damage)
             ... on level 2 of the Dungeon.
             The game lasted 00:01:29 (1268 turns).

Eitelfritz the Trooper (Hill Orc Fighter)           Turns: 1268, Time: 00:01:30

Health: -1/33      AC: 11    Str: 20    XL:     3   Next: 31%
Magic:  3/3        EV:  5    Int:  8    God:
Gold:   73         SH:  4    Dex: 10    Spells: 2/2 levels left

rFire   . . .      SeeInvis .   a - +0 war axe
rCold   . . .      Faith    .   c - +0 buckler
rNeg    . . .      Spirit   .   k - +0 plate armour
rPois   .          Reflect  .   (no helmet)
rElec   .          Harm     .   (no cloak)
rCorr   .          Rampage  .   (no gloves)
Will    .....                   (no boots)
Stlth   ..........              g - amulet of magic regeneration
HPRegen 0.11/turn               (no ring)
MPRegen 0.48/turn               (no ring)

@: no status effects
A: no striking features
a: no special abilities


You were on level 2 of the Dungeon.
You visited 1 branch of the dungeon, and saw 2 of its levels.

You collected 73 gold pieces.

Inventory:

Hand Weapons
 a - a +0 war axe (weapon)
Armour
 c - a +0 buckler (worn)
 k - a +0 plate armour (worn)
Jewellery
 g - an amulet of magic regeneration (around neck)
Scrolls
 e - 2 scrolls of enchant armour {unknown}
 f - a scroll of enchant weapon {unknown}
 i - 2 scrolls of immolation {unknown}
 l - a scroll of fear {unknown}
 n - a scroll of summoning {unknown}
 p - a scroll of poison {unknown}
 q - 2 scrolls of teleportation {unknown}
 r - a scroll of butterflies {unknown}
Potions
 b - a potion of curing {unknown}
 d - a potion of might
 h - a potion of ambrosia {unknown}
 j - a potion of mutation {unknown}
 m - a potion of berserk rage {unknown}
 o - 2 potions of heal wounds {unknown}
 s - a potion of haste {unknown}
 t - a potion of attraction {unknown}


   Skills:
 + Level 3.9 Fighting
 + Level 3.0 Axes
 + Level 3.8 Armour
 + Level 0.2 Dodging
 + Level 3.8 Shields


You had 2 spell levels left.
You didn't know any spells.
Your spell library was empty.

Dungeon Overview and Level Annotations

Branches:
Dungeon (2/15)

Altars:


Message History

q - 2 scrolls labelled CIALAB ARGHAOPSYR (gained 1)
Found a stone staircase leading down.
i - 2 scrolls labelled BIFIDGH SAXTEM (gained 1)
s - a metallic clear potion
t - a lumpy sapphire potion You now have 73 gold pieces (gained 16).
A gnoll comes into view. It is wielding a +0 flail.
The gnoll shouts!
Unknown command.
A gnoll comes into view. It is wielding a +0 spear.
The gnoll shouts!
A gnoll comes into view.
It is wielding a +0 flail of protection.
The gnoll shouts!
The gnoll hits you with a +0 flail.
You hit the gnoll.
The gnoll is moderately wounded.
The gnoll barely misses you.
The gnoll hits you from afar with a +0 spear.
You barely miss the gnoll.
The gnoll is moderately wounded.
You block the gnoll's attack.
The gnoll hits you from afar with a +0 spear.
You closely miss the gnoll.
The gnoll is moderately wounded.
You block the gnoll's attack.
The gnoll hits you from afar with a +0 spear!
The gnoll hits you from afar with a +0 spear.
The gnoll hits you with a +0 flail.
You barely miss the gnoll.
The gnoll is moderately wounded.
The gnoll barely misses you. x2
You barely miss the gnoll.
The gnoll is moderately wounded.
The gnoll hits you but does no damage. x2
You barely miss the gnoll.
The gnoll is moderately wounded.
The gnoll hits you with a +0 flail.
* * * LOW HITPOINT WARNING * * *
The gnoll hits you from afar with a +0 spear!
You die...

#..P♣♣.....#
##...P.....# #.#
####...##### #.#
.###.### #.#
.##..# #.# ....##
#g# .##..## #g#
###♣.P♣♣ #g#
###♣.PP♣########@#
#.♣..♣♣.....##..#
#.♣....†....##.##
#.♣♣♣.♣.....#..#
#...........#.##
#.............#
#............##
#......[....##
##########..#


You could see 3 gnolls.

Vanquished Creatures
  An adder (D:2)
  A worm (D:2)
  A giant cockroach (D:2)
  A goblin (D:1)
  3 hobgoblins (D:1)
  A kobold (D:1)
  4 quokkas
  3 ball pythons
  3 bats
  A frilled lizard (D:1)
  3 rats
22 creatures vanquished.

Vanquished Creatures (others)
  3 plants (D:2)
3 creatures vanquished.

Grand Total: 25 creatures vanquished

Notes
Turn   | Place    | Note
-------+----------+-------------------------------------------
     0 | D:1      | Eitelfritz the Hill Orc Fighter began the quest for the
                  | Orb.
     0 | D:1      | Reached XP level 1. HP: 19/19 MP: 1/1
   163 | D:1      | Reached XP level 2. HP: 27/27 MP: 2/2
   911 | D:2      | Reached XP level 3. HP: 32/33 MP: 3/3
  1055 | D:2      | Found the +7 Kryia's mail coat {PotionHeal*2 rC+}
  1268 | D:2      | Slain by a gnoll

Illustrated notes

Levels and vault maps discovered:
D:1:      shiori_shiawase, layout_basic
D:2:      layout_basic, serial_forest, infiniplex_forest_straight_4,
          infiniplex_forest_clump_C, infiniplex_forest_corner_1,
          infiniplex_forest_clump_medium, infiniplex_forest_clump_diagonal,
          grunt_decor_arrowhead, kennysheep_generic_room_16

Skill      XL: |  1  2  3 |
---------------+----------+-----
Axes           | 3 |  3.0
Fighting       | |  3.9
Armour         | |  3.8
Dodging        | |  0.2
Shields        | |  3.8

Action                   || total
-------------------------++-------
Melee: War axe           ||    70
Armor: Scale mail        ||     8
       Plate armour      ||    34
Dodge: Dodged            ||    27
Block: Buckler           ||    21
